 Dungeon Crawl Stone Soup version 0.23.1-37-gaa34b87 (webtiles) character file.

Game seed: 15670518735666643748

44 vishdafish the Shield-Bearer (level 3, 0/26 HPs)
             Began as an Octopode Fighter on Mar 22, 2019.
             Slain by a gnoll
             ... wielding a +0 spear
              (7 damage)
             ... on level 2 of the Dungeon.
             The game lasted 00:00:38 (930 turns).

vishdafish the Shield-Bearer (Octopode Fighter)      Turns: 930, Time: 00:00:39

Health: 0/26       AC:  1    Str: 15    XL:     3   Next: 60%
Magic:  3/3        EV: 12    Int: 11    God:
Gold:   50         SH:  9    Dex: 14    Spells: 2/2 levels left

rFire    . . .     SeeInvis .     - Unarmed
rCold    . . .     Gourm    .   a - +0 shield
rNeg     . . .     Faith    .   (helmet restricted)
rPois    .         Spirit   .   (no amulet)
rElec    .         Reflect  .   g - +3 ring of dexterity
rCorr    .         Harm     .   (no ring)
MR       .....                  (no ring)
Stlth    ++........             (no ring)
HPRegen  0.08/turn              (no ring)
MPRegen  0.08/turn              (no ring)
                                (no ring)
                                (no ring)

@: no status effects
A: almost no armour, stealthy swim, amphibious, 8 rings, constrict 8, camouflage
1, gelatinous body 1
a: no special abilities


You were on level 2 of the Dungeon.
You were not hungry.

You visited 1 branch of the dungeon, and saw 2 of its levels.

You collected 50 gold pieces.

Inventory:

Armour
 a - a +0 shield (worn)
Jewellery
 g - a +3 ring of dexterity (left tentacle)
Scrolls
 d - 3 scrolls of identify {unknown}
 e - a scroll of amnesia {unknown}
 f - a scroll of blinking {unknown}
Potions
 b - a potion of might
 h - a potion of resistance {unknown}
 i - 2 potions of heal wounds {unknown}
 j - a potion of agility {unknown}
 k - a potion of flight {unknown}
Comestibles
 c - 2 rations


   Skills:
 - Level 3.0 Fighting
 - Level 3.0 Dodging
 + Level 3.6 Shields
 * Level 3.3 Unarmed Combat


You had 2 spell levels left.
You didn't know any spells.
Your spell library was empty.

Dungeon Overview and Level Annotations

Branches:
Dungeon (2/15)

Altars:


Innate Abilities, Weirdness & Mutations

You cannot wear most types of armour.
You are very stealthy in the water. (Stealth+)
You are amphibious.
You can wear up to eight rings at the same time.
You can use your tentacles to constrict eight enemies at once.
Your skin changes colour to match your surroundings (Stealth+).
Your rubbery body absorbs attacks. (AC +1, EV +1)


Message History

You kill the gnoll!
The gnoll hits you from afar with a +0 spear.
You tentacle-slap the hobgoblin. You grab the hobgoblin.
You tentacle-slap the hobgoblin.
You kill the hobgoblin!
The gnoll hits you from afar with a +0 spear.
You block the gnoll's attack. x2; The gnoll closely misses you.
Unknown command.
You tentacle-slap the gnoll. Your grab misses the gnoll.
The gnoll is heavily wounded.
You block the gnoll's attack. x2; The gnoll misses you.
You tentacle-slap the gnoll but do no damage.
Your grab misses the gnoll.
The gnoll is heavily wounded.
You block the gnoll's attack. The gnoll barely misses you.
The gnoll hits you from afar with a +0 spear!
* * * LOW HITPOINT WARNING * * *
You block the quokka skeleton's attack.
The gnoll hits you from afar with a +0 spear!
You die...

#.#.......####
#.#...##...... #
#####.#..###...... #.
#>................
#.##.##..#..###......
............# #......
.........##.###......
#.##.##........<.....
###.##@##............##
#..gg.......#####......
###g##Z................
#...Z.).###..#####.####.
.....#### #..# #. ##
..... #..# # # .... ..#
# ... g.. # . ## .


You could see 3 gnolls and a quokka skeleton.

Vanquished Creatures
  A gnoll (D:2)
  An adder (D:2)
  3 dart slugs (D:1)
  A leopard gecko (D:1)
  2 goblins (D:1)
  A hobgoblin (D:2)
  A kobold (D:1)
  6 bats (D:1)
  3 rats (D:1)
19 creatures vanquished.

Notes
Turn   | Place    | Note
-------+----------+-------------------------------------------
     0 | D:1      | vishdafish the Octopode Fighter began the quest for the
                  | Orb.
     0 | D:1      | Reached XP level 1. HP: 16/16 MP: 1/1
   123 | D:1      | Reached XP level 2. HP: 17/21 MP: 2/2
   864 | D:2      | Reached XP level 3. HP: 26/26 MP: 3/3
   930 | D:2      | Slain by a gnoll

Skill      XL: |  1  2 |
---------------+-------+-----
Unarmed Combat | 3 |  3.3
Fighting       | |  3.0
Dodging        | |  3.0
Shields        | |  3.6

Action                   || total
-------------------------++-------
Melee: Unarmed           ||    46
       Constrict         ||    11
       Tentacles         ||     6
       Punch             ||     1
 Stab: Sleeping          ||     7
Armor: Skin              ||     1
Dodge: Dodged            ||    15
Block: Shield            ||    23
